 Dungeon Crawl Stone Soup version 0.29.1-15-g9cfb28693d (webtiles) character file.

Game seed: 17208024613743255623

1 dudediamond6 the Conjurer (level 1, 12/14 HPs)
             Began as a Draconian Conjurer on Feb 22, 2023.
             Got out of the dungeon alive.
             The game lasted 00:00:21 (123 turns).

dudediamond6 the Conjurer (Draconian Conjurer)       Turns: 123, Time: 00:00:21

Health: 12/14      AC:  4    Str:  9    XL:     1   Next: 16%
Magic:  2/3        EV: 12    Int: 18    God:
Gold:   0          SH:  0    Dex:  9    Spells: 3/4 levels left

rFire   . . .      SeeInvis .   (no weapon)
rCold   . . .      Faith    .   (no shield)
rNeg    . . .      Spirit   .   (body armour unavailable)
rPois   .          Reflect  .   (helmet restricted)
rElec   .          Harm     .   (no cloak)
rCorr   .          Rampage  .   (no gloves)
Will    .....                   (no boots)
Stlth   ++........              (no amulet)
HPRegen 0.04/turn               (no ring)
MPRegen 0.08/turn               (no ring)

@: no status effects
A: AC +4, unfitting armour, cold-blooded
a: no special abilities


You escaped.
You visited 1 branch of the dungeon, and saw 1 of its levels.

Inventory:

Scrolls
 e - a scroll of teleportation {unknown}
Potions
 a - a potion of magic
 b - a potion of brilliance {unknown}
 c - a potion of heal wounds {unknown}
 d - a potion of curing {unknown}


   Skills:
 + Level 1.7 Dodging
 + Level 1.7 Stealth
 * Level 2.0 Spellcasting
 * Level 4.0 Conjurations


You had 3 spell levels left.
You knew the following spells:

 Your Spells              Type           Power      Damage    Failure   Level
a - Magic Dart            Conj           64%        1d6       3%          1

Your spell library contained the following spells:

 Spells                   Type           Power      Damage    Failure   Level
 Searing Ray              Conj           32%        2d5       5%          2
 Dazzling Flash           Conj/Hex       18%        N/A       24%         3
 Fulminant Prism          Conj/Hex       4%         3d6       61%         4
 Iskenderun's Mystic Bla  Conj/Tloc      9%         2d4       61%         4


Dungeon Overview and Level Annotations

Branches:
Dungeon (1/15)

Altars:


Innate Abilities, Weirdness & Mutations

Your plain brown scales are hard. (AC +4)
You cannot fit into any form of body armour.
You are cold-blooded and may be slowed by cold attacks.


Message History

You miss the bat.
The bat is moderately wounded.
The bat completely misses you.
You miss the bat.
You tail-slap the bat, but do no damage.
The bat is moderately wounded.
The bat hits you but does no damage.
You miss the bat.
The bat is moderately wounded.
The bat hits you but does no damage. The bat hits you but does no damage.
You hit the bat but do no damage.
Your tail-slap misses the bat.
The bat is moderately wounded.
The bat hits you but does no damage.
Unknown command.
Unknown command.
A bat is nearby!
The bat completely misses you. The bat closely misses you.
The bat hits you but does no damage.
You hit the bat but do no damage.
The bat is moderately wounded.
The bat barely misses you. The bat misses you.
The bat hits you but does no damage. The bat hits you. The bat misses you.
You closely miss the bat.
The bat is moderately wounded.
The bat hits you but does no damage.
You miss the bat. The bat hits you but does no damage.
The bat hits you but does no damage. x2
The magic dart hits the bat.
The bat is heavily wounded.
The bat hits you.
The magic dart hits the bat.
You kill the bat!
You can't see any susceptible monsters within range! (Use Z to cast anyway.)
You can't see any susceptible monsters within range! (Use Z to cast anyway.)
There is a staircase leading out of the dungeon here.
Are you sure you want to leave the Dungeon?
This will make you lose the game!
You have escaped!

##.......##
##..##.#...##
######...#..##...##
...##..#.#..###...##
..##..##....# ##...#
.##..###.##.# ##..#
##..## #.##.####...#
...## #......#....#
..## #.####.#.@.##
...## #......#....#
##..## #..#.####...#
##..###.##.# ##..#
##..##..#.# ##..##
##..#.#..###...#
##...#..##...##
##..##.#...##
##.......##


There were no monsters in sight!

Vanquished Creatures
  A bat (D:1)
1 creature vanquished.

Notes
Turn   | Place    | Note
-------+----------+-------------------------------------------
     0 | D:1      | dudediamond6 the Draconian Conjurer began the quest for the
                  | Orb.
     0 | D:1      | Reached XP level 1. HP: 14/14 MP: 3/3
   123 | D:$      | Got out of the dungeon alive.

Illustrated notes

Levels and vault maps discovered:
D:1:      dpeg_chamrin_arrival_tetris, layout_loops_corners,
          ebering_ecumenical_altar_sacrificial

Action                   || total
-------------------------++-------
Melee: Unarmed           ||     8
       Tailslap          ||     2
 Cast: Magic Dart        ||     2
Armor: Skin              ||    11
Dodge: Dodged            ||     7
